 Dungeon Crawl Stone Soup version 0.32-a0-712-g515539a (webtiles) character file.

Game seed: 11953681140476945788

316 PidgeyThePirate the Shooter (level 6, -2/42 HPs)
             Began as a Coglin Hunter on Mar 15, 2024.
             Slain by a hobgoblin
             ... wielding a +0 club
              (7 damage)
             ... on level 4 of the Dungeon.
             The game lasted 00:05:14 (2913 turns).

PidgeyThePirate the Shooter (Coglin Hunter)         Turns: 2913, Time: 00:05:15

Health: -2/42      AC:  3    Str: 13    XL:     6   Next: 44%
Magic:  6/6        EV: 11    Int:  9    God:
Gold:   183        SH:  0    Dex: 17    Spells: 5/5 levels left

rFire   . . .        a - +2 sling {Yawen}
rCold   . . .        d - +0 sling {Qiang}
rNeg    . . .        c - +0 leather armour
rPois   .            (no helmet)
rElec   .            (no cloak)
rCorr   .            (no gloves)
SInv    .            (no boots)
Will    .....        (amulet unavailable)
Stlth   ++           (ring unavailable)
HPRegen 0.27/turn    (ring unavailable)
MPRegen 0.10/turn    (no gizmo)

%: no passive effects
@: no status effects
A: off-hand wielding, slow wielding, warmup strikes, no jewellery, frail 1,
screaming 1, evolution 1
a: Invent Gizmo


You were on level 4 of the Dungeon.
You visited 1 branch of the dungeon, and saw 4 of its levels.

You collected 183 gold pieces.

Inventory:

Hand Weapons
 a - a +2 sling (weapon) {Yawen}
 d - a +0 sling (offhand) {Qiang}
Armour
 c - a +0 leather armour (worn)
Wands
 b - a wand of quicksilver (8)
 l - a wand of iceblast (11)
Scrolls
 f - a scroll of immolation {unknown}
 h - a scroll of teleportation {unknown}
 i - 2 scrolls of noise {unknown}
 k - a scroll of vulnerability {unknown}
 m - 2 scrolls of silence {unknown}
 q - 2 scrolls of fog {unknown}
 r - a scroll of enchant armour {unknown}
Potions
 e - 2 potions of mutation
 g - a potion of cancellation {unknown}
 j - a potion of invisibility {unknown}
 n - a potion of curing
 o - a potion of berserk rage {unknown}
 p - a potion of heal wounds {unknown}


   Skills:
 + Level 3.1 Fighting
 + Level 6.1 Ranged Weapons
 + Level 1.2 Armour
 + Level 2.1 Dodging
 + Level 0.8 Stealth


You had 5 spell levels left.
You didn't know any spells.
Your spell library contained the following spells:

 Spells                   Type           Power      Damage    Failure   Level
 Slow                     Hex            0%         N/A       45%         1
 Lesser Beckoning         Tloc           0%         N/A       61%         2
 Confusing Touch          Hex            0%         N/A       83%         3
 Gell's Gravitas          Tloc           0%         N/A       83%         3
 Teleport Other           Tloc           0%         N/A       83%         3
 Vampiric Draining        Necr           0%         2d6       83%         3
 Leda's Liquefaction      Alch/Erth      0%         N/A       99%         4
 Vhi's Electric Charge    Tloc/Air       0%         N/A       99%         4
 Arcjolt                  Conj/Air       0%         1d10      100%        5
 Lee's Rapid Deconstruct  Erth           0%         3d4*      100%        5
 Permafrost Eruption      Ice/Erth       0%         2x4d2     100%        6
 Plasma Beam              Fire/Air       0%         2x1d10    100%        6


Dungeon Overview and Level Annotations

Branches:
Dungeon (4/15)
 Temple: D:4-7

Altars:
Nemelex Xobeh


Innate Abilities, Weirdness & Mutations

You can wield a second weapon in your off-hand.
It takes a long time for you to wield or remove held weapons.
Your first few attacks do less damage.
You cannot equip rings or amulets.
You are frail. (-10% HP)
You occasionally shout uncontrollably at your foes.
You have hidden genetic potential.


Message History

Unknown command.
The hobgoblin hits you with a +0 club.
* * * LOW HITPOINT WARNING * * *
The hobgoblin attacks as it pursues you!
The hobgoblin barely misses you. The hobgoblin hits you with a +0 club.
* * * LOW HITPOINT WARNING * * *
The hobgoblin attacks as it pursues you!
The hobgoblin closely misses you.
The hobgoblin attacks as it pursues you!
The hobgoblin misses you.
The hobgoblin attacks as it pursues you!
The hobgoblin barely misses you.
The hobgoblin attacks as it pursues you!
The hobgoblin hits you with a +0 club.
* * * LOW HITPOINT WARNING * * *
The hobgoblin attacks as it pursues you!
The hobgoblin hits you with a +0 club.
* * * LOW HITPOINT WARNING * * *
The hobgoblin attacks as it pursues you!
The hobgoblin hits you with a +0 club.
* * * LOW HITPOINT WARNING * * *
The hobgoblin attacks as it pursues you!
The hobgoblin closely misses you.
The hobgoblin attacks as it pursues you!
The hobgoblin hits you with a +0 club.
* * * LOW HITPOINT WARNING * * *
It was a potion of mutation.
You feel extremely strange.
You feel the urge to shout.
You feel frail.
You feel a hidden potential growing inside you.
It was a potion of curing.
You feel better.
The hobgoblin hits you with a +0 club. x2
* * * LOW HITPOINT WARNING * * *
The hobgoblin hits you but does no damage.
The hobgoblin hits you with a +0 club.
* * * LOW HITPOINT WARNING * * *
The hobgoblin hits you with a +0 club.
* * * LOW HITPOINT WARNING * * *
The hobgoblin hits you with a +0 club!
You die...

~~~≈~~~~~)...~~~≈~~~~≈~
≈≈≈≈≈≈≈≈......~≈≈~≈~≈≈~
≈≈≈≈≈≈≈~~.....~≈≈≈≈≈≈≈~
##########))#####################
#...... #....# ......#...........
')..... #.[..# .....))..........)
#########)...#########...........
..bbbb.#......#..g.......########
..gbg))'......'.@gg......# #
..)....#......#).gg.g....########
#########....#########...........
')..... #....#÷..)...'...........
#...... #....#(...)..#...........
####### #########################


You could see a gnoll and 5 hobgoblins.

Vanquished Creatures
  A scorpion (D:4)
  A jelly (D:4)
  An orc wizard (D:3)
  5 gnolls (D:4)
  5 adders
  2 dart slugs
  4 orcs
  4 ball pythons
  3 bats (D:3)
  5 endoplasms
  4 giant cockroaches
  21 goblins
  16 hobgoblins
  2 jackals (D:2)
  2 quokkas
  4 frilled lizards
  7 kobolds
  10 rats
97 creatures vanquished.

Notes
Turn   | Place    | Note
-------+----------+-------------------------------------------
     0 | D:1      | PidgeyThePirate the Coglin Hunter began the quest for the
                  | Orb.
     0 | D:1      | Reached XP level 1. HP: 16/16 MP: 1/1
    95 | D:1      | Reached skill level 4 in Ranged Weapons
    95 | D:1      | Reached XP level 2. HP: 22/22 MP: 2/2
   567 | D:2      | Reached XP level 3. HP: 22/27 MP: 3/3
   926 | D:2      | Reached XP level 4. HP: 18/33 MP: 4/4
  1290 | D:3      | Reached skill level 5 in Ranged Weapons
  1325 | D:3      | Reached XP level 5. HP: 39/39 MP: 5/5
  1576 | D:3      | Found a faded altar of an unknown god.
  1581 | D:3      | Noticed an eye of devastation
  1584 | D:3      | Noticed a golden eye
  1584 | D:3      | Noticed a golden eye
  1584 | D:3      | Noticed an eye of devastation
  2000 | D:4      | Reached XP level 6. HP: 38/46 MP: 6/6
  2072 | D:4      | Reached skill level 6 in Ranged Weapons
  2435 | D:4      | Reached skill level 1 in Armour
  2515 | D:4      | Found a sparkling altar of Nemelex Xobeh.
  2908 | D:4      | Gained mutation: You occasionally shout uncontrollably at
                  | your foes. [potion of mutation]
  2908 | D:4      | Gained mutation: You are frail. (-10% HP) [potion of
                  | mutation]
  2908 | D:4      | Gained mutation: You have hidden genetic potential. [potion
                  | of mutation]
  2913 | D:4      | Slain by a hobgoblin

Illustrated notes

Levels and vault maps discovered:
D:1:      dpeg_arrival_stone_temple_mockup, layout_basic, minmay_tetromino_t2
D:2:      layout_basic
D:3:      layout_loops_cross, hellmonk_ecumenical_altar_watching_god
D:4:      minmay_goblin_kobold_castle, layout_loops_ring,
          nemelex_dance_club_becter, uniq_ijyb

Skill      XL: |  1  2  3  4  5  6 |
---------------+-------------------+-----
Ranged Weapons | 4 5 6 |  6.1
Dodging        | 2 |  2.1
Armour         | 1 |  1.2
Fighting       | 3 |  3.1
Stealth        | |  0.8

Action                     |  1- 3 |  4- 6 || total
---------------------------+-------+-------++-------
   Fire: Sling             |   140 |   282 ||   422
    Use: Potion            |       |     2 ||     2
         Scroll            |       |     1 ||     1
 Armour: Leather armour    |     9 |    72 ||    81
  Dodge: Dodged            |    12 |    46 ||    58

Table legend: (Time is in decaauts)
 A = Elapsed time spent in this place.
 B = Non-inter-level travel time spent in this place.
 C = Inter-level travel time spent in this place.
 D = Time resting spent in this place.
 E = Time spent auto-exploring this place.
 F = Levels seen in this place.
 G = Mean time per level.
                   A        B        C        D        E       F      G
               +--------+--------+--------+--------+--------+-----+--------+
         Total |   2953 |   2864 |     89 |      0 |   2376 |   4 |  738.2 |
       Dungeon |   2953 |   2864 |     89 |      0 |   2376 |   4 |  738.2 |
               +--------+--------+--------+--------+--------+-----+--------+

Top non-repeatable levels by time:
     D:4: 857 daAuts
     D:3: 805 daAuts
     D:2: 752 daAuts
     D:1: 537 daAuts
